 Dungeon Crawl Stone Soup version 0.26-a0-606-g3c8f2f6 (webtiles) character file.

Game seed: 2202400601785967939

423 ClockworkOrrery the Skirmisher (level 6, -1/44 HPs)
             Began as a Gargoyle Fighter on Sept 2, 2020.
             Was an Initiate of the Shining One.
             Slain by Duvessa
             ... wielding a +0 short sword
              (6 damage)
             ... on level 4 of the Dungeon.
             The game lasted 00:04:39 (3628 turns).

ClockworkOrrery the Skirmisher (Gargoyle Fighter)   Turns: 3628, Time: 00:04:39

Health: -1/44      AC: 14    Str: 21    XL:     6   Next: 95%
Magic:  6/6        EV:  5    Int:  9    God:    the Shining One [......]
Gold:   231        SH: 14    Dex:  9    Spells: 5/5 levels left

rFire    . . .     SeeInvis .   a - +0 flail
rCold    . . .     Faith    .   c - +0 kite shield
rNeg     + . .     Spirit   .   f - +0 chain mail
rPois    ∞         Reflect  +   (no helmet)
rElec    +         Harm     .   t - +0 cloak
rCorr    .                      (no gloves)
MR       .....                  (no boots)
Stlth    ..........             k - amulet of reflection (curse)
HPRegen  0.14/turn              (no ring)
MPRegen  0.10/turn              (no ring)

@: glowing
A: negative energy resistance 1, electricity resistance, unbreathing,
petrification resistance, rot immunity, AC +4
a: Renounce Religion


You were on level 4 of the Dungeon.
You worshipped the Shining One.
The Shining One was noncommittal.
You visited 2 branches of the dungeon, and saw 5 of its levels.

You collected 231 gold pieces.

Inventory:

Hand Weapons
 a - a +0 flail (weapon)
Armour
 c - a +0 kite shield (worn)
 f - a +0 chain mail (worn)
 t - a +0 cloak (worn)
Jewellery
 k - a cursed amulet of reflection (around neck)
 w - an uncursed amulet of regeneration
Scrolls
 i - 3 scrolls of identify
 l - 2 scrolls of enchant armour
 n - 2 scrolls of amnesia
 p - a scroll of immolation {unknown}
 r - a scroll of fear {unknown}
 u - 2 scrolls of remove curse
 x - 2 scrolls of teleportation {unknown}
 y - a scroll of noise {unknown}
Potions
 b - a potion of curing {unknown}
 d - a potion of might
 e - 2 potions of degeneration {unknown}
 g - 2 potions of flight {unknown}
 h - 3 potions of brilliance {unknown}
 j - 3 potions of haste {unknown}
 m - 3 potions of lignification {unknown}
 o - 2 potions of heal wounds {unknown}
 s - 4 potions of mutation {unknown}
 v - 3 potions of cancellation {unknown}


   Skills:
 * Level 7.1 Fighting
 + Level 4.3 Maces & Flails
 - Level 3.2 Armour
 - Level 3.2 Shields


You had 5 spell levels left.
You didn't know any spells.
Your spell library contained the following spells:

 Spells                   Type           Power        Failure   Level
 Foxfire                  Conj/Fire      #...         100%        1
 Conjure Flame            Conj/Fire      #.......     100%        3
 Inner Flame              Hex/Fire       #.......     100%        3
 Sticky Flame             Conj/Fire      #.......     100%        4
 Fireball                 Conj/Fire      #.........   100%        5


Dungeon Overview and Level Annotations

Branches:
Dungeon (4/15)             Temple (1/1) D:4

Altars:
Cheibriados
Dithmenos
Elyvilon
Fedhas
Gozag
Kikubaaqudgha
Makhleb
Nemelex Xobeh
Okawaru
Qazlal
Ru
Sif Muna
Uskayaw
Vehumet
Wu Jian
Xom
Yredelemnul
Zin
The Shining One

Annotations:
D:4 Duvessa


Innate Abilities, Weirdness & Mutations

You are resistant to torment.
Your stone body is resilient. (AC +4)
You are immune to poison.
You resist negative energy. (rN+)
You are resistant to electric shocks. (rElec)
You can survive without breathing.
You are immune to petrification.
You are immune to rotting.


Message History

Duvessa is lightly wounded.
Duvessa hits you but does no damage. x2
You closely miss Duvessa.
Duvessa is lightly wounded.
You block Duvessa's attack. x2
You hit Duvessa but do no damage.
Duvessa is lightly wounded.
You block Duvessa's attack. Duvessa hits you but does no damage.
Your shield and chain mail prevent you from hitting Duvessa.
Duvessa is lightly wounded.
You block Duvessa's attack. Duvessa hits you with a +0 short sword.
* * * LOW HITPOINT WARNING * * *
You hit Duvessa.
Duvessa is lightly wounded.
You block Duvessa's attack. Duvessa barely misses you.
You hit Duvessa but do no damage.
Duvessa is lightly wounded.
Duvessa hits you but does no damage. x2
Duvessa hits you with a +0 short sword.
You die...

....##.......##
⌠.⌠.##.......#
.>..+...###..# ⌠.⌠.#...#
+..#
)...##..###..#############
#'###...........[.........
.....#........###.........
.###########..###.......#
.### #....@e.)....# ...#
#..#.#......... ##.##
#..#........##. #...#
#.............. #.).#
##..#.##[...... #...#
#..... .###### #...#
#..#.######### #...#
#..#.# #.....#
########.####..#.###.....#


You could see Duvessa (berserk).

Vanquished Creatures
  A phantom (D:4)
  Blork the orc (D:4)
  Dowan (D:4)
  A hound (D:4)
  An orc wizard (D:4)
  A worker ant (D:4)
  A hound skeleton (D:4)
  5 adders
  A worm (D:3)
  3 leopard geckos
  4 orcs (D:4)
  A ball python (D:3)
  9 bats
  3 giant cockroaches
  10 goblins
  7 hobgoblins
  3 jackals (D:1)
  2 quokkas
  6 frilled lizards
  9 kobolds
  9 rats
79 creatures vanquished.

Vanquished Creatures (others)
  A hobgoblin (D:3)
  A kobold (D:3)
2 creatures vanquished.

Grand Total: 81 creatures vanquished

Notes
Turn   | Place    | Note
-------+----------+-------------------------------------------
     0 | D:1      | ClockworkOrrery the Gargoyle Fighter began the quest for
                  | the Orb.
     0 | D:1      | Reached XP level 1. HP: 14/14 MP: 1/1
   199 | D:1      | Reached XP level 2. HP: 17/20 MP: 2/2
   535 | D:1      | Reached skill level 4 in Fighting
   558 | D:1      | You fall into a shaft and drop 1 floor!
  1057 | D:1      | Reached XP level 3. HP: 24/24 MP: 3/3
  1624 | D:2      | Found a white marble altar of Elyvilon.
  1923 | D:3      | Reached XP level 4. HP: 30/30 MP: 4/4
  2116 | D:3      | Reached skill level 5 in Fighting
  2173 | D:3      | Found a stormy altar of Qazlal.
  2481 | D:3      | Found a hide-covered altar of Uskayaw.
  2483 | D:3      | Found a shimmering altar of Xom.
  2483 | D:3      | Found an ancient bone altar of Kikubaaqudgha.
  2490 | D:3      | Found a shimmering blue altar of Sif Muna.
  2490 | D:3      | Found a shadowy altar of Dithmenos.
  2490 | D:3      | Found a radiant altar of Vehumet.
  2728 | D:4      | Noticed a phantom
  2768 | D:4      | Killed a phantom
  2768 | D:4      | Reached XP level 5. HP: 24/36 MP: 5/5
  2898 | D:4      | Reached skill level 6 in Fighting
  2994 | D:4      | Reached XP level 6. HP: 39/41 MP: 6/6
  3097 | D:4      | Found a burning altar of Makhleb.
  3220 | D:4      | Noticed Blork the orc
  3231 | D:4      | Killed Blork the orc
  3282 | D:4      | Found a staircase to the Ecumenical Temple.
  3288 | Temple   | Entered the Ecumenical Temple
  3357 | Temple   | Became a worshipper of the Shining One
  3608 | D:4      | Noticed Dowan
  3609 | D:4      | Noticed Duvessa
  3619 | D:4      | Killed Dowan
  3619 | D:4      | Reached skill level 7 in Fighting
  3628 | D:4      | Slain by Duvessa

Illustrated notes

Levels and vault maps discovered:
D:1:      ebering_hopf_link, layout_basic
D:2:      layout_loops_ring, overflow_temple_1_default
D:3:      layout_basic, grunt_qazlal_clouds, doesnt_xom_only_xom
D:4:      minmay_wonky_spiral, layout_loops_cross, kennysheep_mini_moat,
          minmay_temple_entry_hall, minmay_misc_feat_nine_boxes,
          makhleb_heckhound_becter, uniq_blork_the_orc, uniq_duvessa,
          uniq_eustachio
Temple:   regret_index_temple_waves

Skill      XL: |  1  2  3  4  5  6 |
---------------+-------------------+-----
Fighting       | 4 5 6 7 |  7.1
Maces & Flails | 3 4 |  4.3
Armour         | |  3.2
Shields        | |  3.2

Action                   |  1- 3 |  4- 6 || total
-------------------------+-------+-------++-------
Melee: Flail             |   157 |   184 ||   341
  Use: Scroll            |     1 |     4 ||     5
 Stab: Distracted        |     1 |       ||     1
Armor: Scale mail        |    23 |       ||    23
       Chain mail        |    68 |    86 ||   154
Dodge: Dodged            |    30 |    23 ||    53
Block: Kite shield       |   122 |   130 ||   252
       Reflection        |       |    11 ||    11

Table legend: (Time is in decaauts)
 A = Elapsed time spent in this place.
 B = Non-inter-level travel time spent in this place.
 C = Inter-level travel time spent in this place.
 D = Time resting spent in this place.
 E = Time spent auto-exploring this place.
 F = Levels seen in this place.
 G = Mean time per level.
                   A        B        C        D        E       F      G
               +--------+--------+--------+--------+--------+-----+--------+
         Total |   3741 |   3577 |    164 |      0 |   2823 |   5 |  748.2 |
       Dungeon |   3610 |   3506 |    104 |      0 |   2760 |   4 |  902.5 |
        Temple |    131 |     71 |     60 |      0 |     63 |   1 |  131.0 |
               +--------+--------+--------+--------+--------+-----+--------+

Top non-repeatable levels by time:
     D:1: 1141 daAuts
     D:3: 825 daAuts
     D:4: 825 daAuts
     D:2: 817 daAuts
  Temple: 131 daAuts
